 Dungeon Crawl Stone Soup version 0.30.1-11-g7821555f0a (webtiles) character file.

Game seed: 10246173962395191820

8214 Danienth the Fighter (level 11, -8/102 HPs)
             Began as a Meteoran Reaver on Nov 12, 2023.
             Was a Believer of the Shining One.
             Mangled by a six-headed hydra (10 damage)
             ... on level 1 of the Lair of Beasts.
             The game lasted 00:39:41 (5276 turns).

Danienth the Fighter (Meteoran Reaver)              Turns: 5276, Time: 00:39:42

Health: -8/102     AC:  9    Str:  9    XL:     11   Next: 80%
Magic:  13/19      EV: 14    Int: 16    God:    the Shining One [**....]
Gold:   304        SH:  8    Dex: 17    Spells: 4/20 levels left

rFire   + + .        a - +0 mace (heavy)
rCold   . . .        (no shield)
rNeg    + + +        d - +0 troll leather armour
rPois   .            v - +2 helmet of the Tormentor {rF+ rN+++ Str-4 Stlth+}
rElec   .            (no cloak)
rCorr   .            r - +0 pair of gloves
SInv    .            (no boots)
Will    ++...        (no amulet)
Stlth   +            h - ring of willpower
HPRegen 1.17/turn    z - ring of protection from fire
MPRegen 0.16/turn

%: no passive effects
@: brilliant, divinely shielded, very slightly contaminated, glowing
A: sense surroundings 2, otherworldly, glowing, explore regen
a: Renounce Religion, Divine Shield


You were on level 1 of the Lair of Beasts.
You worshipped the Shining One.
The Shining One was pleased with you.
You visited 2 branches of the dungeon, and saw 10 of its levels.

You collected 579 gold pieces.
You spent 275 gold pieces at shops.

Inventory:

Hand Weapons
 a - a +0 heavy mace (weapon)
 e - a +2 long sword of protection
 f - a +0 hand axe of electrocution
 F - a +1 dagger of venom
 G - a +0 dagger of speed
Missiles
 p - 6 boomerangs
 x - 2 poisoned darts (quivered)
Armour
 b - a +3 leather armour
 d - a +0 troll leather armour (worn)
 r - a +0 pair of gloves (worn)
 v - the +2 helmet of the Tormentor (worn) {rF+ rN+++ Str-4 Stlth+}
   (You bought it in a shop on level 7 of the Dungeon)

   Str:       It affects your strength (-4).
   rF:        It protects you from fire.
   rN:        It renders you almost immune to negative energy.
   Stlth:     It makes you more stealthy.
 B - the +1 robe of Henotheism {Harm rPois rF-}
   (You found it on level 8 of the Dungeon)

   rF:        It makes you vulnerable to fire.
   rPois:     It protects you from poison.
   Harm:      It increases damage dealt and taken.
 D - +0 acid dragon scales
Magical Staves
 i - a staff of cold
Jewellery
 g - a ring of positive energy
 h - a ring of willpower (left hand)
 z - a ring of protection from fire (right hand)
Scrolls
 c - 2 scrolls of magic mapping
 k - a scroll of poison
 l - 4 scrolls of identify
 m - a scroll of teleportation
 n - 2 scrolls of fear
 w - 2 scrolls of vulnerability
 y - a scroll of amnesia
 A - a scroll of silence {unknown}
Potions
 j - a potion of brilliance
 o - 2 potions of cancellation
 q - a potion of degeneration
 s - a potion of flight {unknown}
 u - 2 potions of lignification
 C - a potion of invisibility
 E - a potion of attraction


   Skills:
 * Level 11.4 Fighting
 - Level 0.9(6.2) Short Blades
 - Level 10.7 Long Blades
 - Level 4.2 Maces & Flails
 + Level 4.0 Armour
 - Level 5.3 Dodging
 - Level 5.0 Spellcasting
 - Level 5.0 Conjurations
 + Level 4.0 Translocations
 + Level 3.9 Transmutations
 + Level 3.5 Ice Magic
 - Level 5.4 Invocations


You had 4 spell levels left.
You knew the following spells:

 Your Spells              Type           Power      Damage    Failure   Level
a - Kiss of Death         Conj/Necr      72%        2d10      8%          1
b - Momentum Strike       Conj/Tloc      54%        3d9       4%          2
c - Hailstorm             Conj/Ice       26%        3d7       11%         3
d - Apportation           Tloc           50%        N/A       3%          1
e - Blink                 Tloc           50%        N/A       6%          2
f - Ignite Poison         Fire/Tmut/Pois 12%        N/A       36%         3
g - Manifold Assault      Tloc           25%        N/A       36%         4

Your spell library contained the following spells:

 Spells                   Type           Power      Damage    Failure   Level
 Necrotise                Necr           24%        1d5       21%         1
 Summon Small Mammal      Summ           24%        N/A       21%         1
 Cigotuvi's Dreadful Rot  Necr/Pois/Air  12%        N/A       30%         2
 Call Canine Familiar     Summ           6%         N/A       52%         3
 Summon Guardian Golem    Hex/Summ       6%         N/A       52%         3
 Freezing Cloud           Conj/Ice/Air   9%         6-21      87%         5
 Storm Form               Tmut/Air       7%         N/A       100%        7


Dungeon Overview and Level Annotations

Branches:
Dungeon (9/15) Zot: 599    Temple (0/1) D:4            Lair (1/5) D:9 Zot: 110
    Orc: D:9-12

Altars:
Cheibriados
Nemelex Xobeh
Ru
Wu Jian
The Shining One

Shops:
D:7 [

Annotations:
D:9 1 transporter


Innate Abilities, Weirdness & Mutations

You passively map the area around you.
You are easily found by Zot.
You glow in the dark.
You regain HP and MP as you explore.


Message History

You are very lightly contaminated with residual magic.
Nothing appears to happen.
The six-headed hydra looks more healthy.
The six-headed hydra bites you!
The six-headed hydra bites you but does no damage.
The six-headed hydra barely misses you. x2
The six-headed hydra closely misses you.
The six-headed hydra bites you.
You feel better. The six-headed hydra bites you.
The six-headed hydra completely misses you.
The six-headed hydra bites you.
The six-headed hydra closely misses you.
The six-headed hydra bites you! The six-headed hydra bites you.
* * * LOW HITPOINT WARNING * * *
A divine shield forms around you!
You block the six-headed hydra's attack.
The six-headed hydra bites you.
* * * LOW HITPOINT WARNING * * *
The six-headed hydra bites you but does no damage.
The six-headed hydra barely misses you. x2; The six-headed hydra bites you!
* * * LOW HITPOINT WARNING * * *
Hit: a) +0 mace (heavy)
Press: ? - help, Dir - move target, f/p - six-headed hydra
Aim: a six-headed hydra (moderately wounded, haloed, about 3% to evade your +0 heavy mace)
You sock the six-headed hydra!
The six-headed hydra is moderately wounded.
You are no longer robbed of momentum.
The six-headed hydra bites you.
* * * LOW HITPOINT WARNING * * *
You block the six-headed hydra's attack.
The six-headed hydra bites you!
* * * LOW HITPOINT WARNING * * *
You block the six-headed hydra's attack.
The six-headed hydra misses you. The six-headed hydra bites you.
* * * LOW HITPOINT WARNING * * *
The six-headed hydra barely misses you.
The six-headed hydra closely misses you.
You block the six-headed hydra's attack.
The six-headed hydra bites you!
You die...

#.((.D# ##.(.(.#
##....(# ##P..F..###
#....Y.(..## ....#
#.Y.?# ....# ##..####
....#####..#.#######
....(.###......D@..####
..#....##.............#
####....Y...(..#......##
..###.....(..##....#...#
.####....(..##.........#
.# #.....####.......#..#
## ##....# #...#.....##
# #...## *#..###....# #
##..## ..#* ##...#


You could see a six-headed hydra.

Vanquished Creatures
  Gastronok (D:9)
  A two-headed ogre (D:8)
  A cane toad (Lair:1)
  Maggie (D:8)
  An unseen horror (D:9)
  3 komodo dragons (Lair:1)
  A troll (D:7)
  Grinder (D:4)
  A vampire (D:9)
  7 yaks (Lair:1)
  A water moccasin (Lair:1)
  An acid dragon (D:8)
  An orc warrior (D:7)
  An ice beast (D:6)
  A black bear (D:5)
  A sky beast (D:8)
  5 ogres
  3 wolves (Lair:1)
  A centaur (D:8)
  3 phantoms
  2 kobold brigands
  5 bullfrogs
  4 scorpions
  9 killer bees
  A howler monkey (D:6)
  A lava snake (D:7)
  2 jellies (D:7)
  2 orc priests
  A gnoll bouda (D:9)
  A hound (D:6)
  3 iguanas
  4 sleepcaps
  Natasha (twice) (D:2)
  4 orc wizards
  Robin (D:2)
  5 gnolls (D:9)
  3 adders
  An ufetubus (D:5)
  2 worms
  A dart slug (D:1)
  24 orcs
  5 bats
  5 endoplasms
  2 giant cockroaches
  8 goblins
  6 hobgoblins
  7 quokkas
  3 ball pythons
  A frilled lizard (D:3)
  9 kobolds
  3 rats
163 creatures vanquished.

Notes
Turn   | Place    | Note
-------+----------+-------------------------------------------
     0 | D:1      | Danienth the Meteoran Reaver began the quest for the Orb.
     0 | D:1      | Reached XP level 1. HP: 17/17 MP: 5/5
    87 | D:1      | Reached XP level 2. HP: 24/24 MP: 6/6
   488 | D:1      | Glimpsed the power of Zot.
   533 | D:2      | Reached XP level 3. HP: 27/30 MP: 8/8
   548 | D:2      | Learned a level 2 spell: Momentum Strike
   552 | D:2      | Learned a level 3 spell: Hailstorm
   600 | D:2      | Noticed Natasha
   608 | D:2      | Killed Natasha
   609 | D:2      | Reached skill level 1 in Long Blades
   609 | D:2      | Reached XP level 4. HP: 27/37 MP: 9/9
   624 | D:2      | Noticed Natasha
   631 | D:2      | Killed Natasha
   645 | D:2      | Noticed Robin
   663 | D:2      | Killed Robin
   664 | D:2      | Reached XP level 5. HP: 27/44 MP: 9/11
   667 | D:2      | Reached skill level 3 in Fighting
   838 | D:3      | Found a faded altar of an unknown god.
   845 | D:3      | Prayed at the altar of an unknown god.
   845 | D:3      | Became a worshipper of the Shining One
   845 | D:3      | Reached * piety under the Shining One
  1237 | D:3      | Reached XP level 6. HP: 51/51 MP: 12/12
  1388 | D:4      | Reached skill level 4 in Fighting
  1399 | D:4      | Found a sparkling altar of Nemelex Xobeh.
  1482 | D:4      | Reached XP level 7. HP: 5/59 MP: 13/13
  1482 | D:4      | HP: 2/59 [poisoned by a scorpion]
  1640 | D:4      | Noticed Grinder
  1654 | D:4      | Killed Grinder
  1655 | D:4      | Reached skill level 1 in Invocations
  1844 | D:4      | Reached skill level 5 in Fighting
  1844 | D:4      | Reached skill level 5 in Long Blades
  1844 | D:4      | Reached XP level 8. HP: 54/68 MP: 14/14
  1887 | D:4      | Found a staircase to the Ecumenical Temple.
  2200 | D:5      | Entered Level 5 of the Dungeon
  2292 | D:5      | Reached skill level 6 in Fighting
  2800 | D:5      | Gained mutation: You passively map the area around you.
                  | [Meteoran growth]
  2800 | D:5      | Reached XP level 9. HP: 77/78 MP: 15/15
  2827 | D:5      | Reached ** piety under the Shining One
  2833 | D:5      | Glimpsed the power of Zot.
  3040 | D:6      | Reached skill level 7 in Fighting
  3325 | D:7      | Reached skill level 5 in Invocations
  3407 | D:7      | Noticed a troll
  3420 | D:7      | Killed a troll
  3421 | D:7      | Reached skill level 8 in Fighting
  3433 | D:7      | Found Qoateoskie's Antique Armour Shoppe.
  3441 | D:7      | Bought a polished helmet for 275 gold pieces
  3441 | D:7      | Identified the +2 helmet of the Tormentor {rF+ rN+++ Str-4
                  | Stlth+} (You bought it in a shop on level 7 of the Dungeon)
  3917 | D:8      | Reached XP level 10. HP: 89/90 MP: 16/16
  3925 | D:8      | Learned a level 1 spell: Apportation
  3928 | D:8      | Learned a level 2 spell: Blink
  3932 | D:8      | Learned a level 3 spell: Ignite Poison
  3963 | D:8      | Noticed Maggie
  3966 | D:8      | Noticed a two-headed ogre
  3982 | D:8      | Reached skill level 9 in Fighting
  3994 | D:8      | Killed Maggie
  4014 | D:8      | Killed a two-headed ogre
  4015 | D:8      | Reached skill level 10 in Fighting
  4015 | D:8      | Reached skill level 10 in Long Blades
  4065 | D:8      | Identified the +1 robe of Henotheism {Harm rPois rF-}
  4109 | D:8      | Found a sacrificial altar of Ru.
  4149 | D:8      | Found an ornate altar of the Wu Jian Council.
  4338 | D:8      | Found a snail-covered altar of Cheibriados.
  4415 | D:9      | Reached skill level 1 in Translocations
  4431 | D:9      | Reached skill level 1 in Transmutations
  4445 | D:9      | Reached skill level 1 in Armour
  4498 | D:9      | Noticed an unseen horror
  4521 | D:9      | Killed an unseen horror
  4522 | D:9      | Reached skill level 1 in Ice Magic
  4542 | D:9      | Noticed a manticore
  4542 | D:9      | Noticed Gastronok
  4598 | D:9      | Killed Gastronok
  4599 | D:9      | Reached skill level 5 in Dodging
  4599 | D:9      | Reached XP level 11. HP: 67/101 MP: 14/18
  4615 | D:9      | Found a transporter.
  4625 | D:9      | Noticed a centaur warrior
  4629 | D:9      | Noticed a centaur warrior
  4659 | D:9      | Reached skill level 5 in Conjurations
  4735 | D:9      | Found a staircase to the Lair.
  4757 | Lair:1   | Entered Level 1 of the Lair of Beasts
  4784 | Lair:1   | Reached skill level 11 in Fighting
  5034 | Lair:1   | Reached skill level 5 in Spellcasting
  5039 | Lair:1   | Learned a level 4 spell: Manifold Assault
  5249 | Lair:1   | Noticed a six-headed hydra
  5276 | Lair:1   | HP: 5/102 [six-headed hydra (11)]
  5276 | Lair:1   | HP: 2/102 [six-headed hydra (3)]
  5276 | Lair:1   | Mangled by a six-headed hydra

Illustrated notes

Levels and vault maps discovered:
D:1:      reono_arrival_forest_river, layout_basic, minmay_vboxes
D:2:      layout_loops_ring, uniq_natasha, uniq_robin
D:3:      layout_basic, basic_ecumenical_altar
D:4:      layout_loops_ring, general_overflow_altar,
          nicolae_hepliaklqana_hippocampus, minmay_temple_entry_junction,
          hangedman_abyss_or_decor_jellyfish_corner, uniq_grinder
D:5:      layout_basic, zin_scriptorium
D:6:      layout_basic
D:7:      layout_cave_pods, serial_shops,
          nicolae_shop_competitors_out_of_business, kennysheep_big_empty_room,
          hangedman_decor_diamond_cutter
D:8:      layout_rooms, lemuel_doored_altar,
          mainiacjoe_overflow_small_starburst, nzn_wu_jian_contemplation,
          grunt_ministairs_15, uniq_maggie
D:9:      gammafunk_sealed_arena, layout_irregular_city, lair_entry_dummy,
          kennysheep_orc_monster_closet_entryway, uniq_gastronok
Lair:1:   layout_layer_cave, grunt_megastairs_3, serial_bayou_shore_b,
          lemuel_fruit_tree, uniq_grum

Skill      XL: |  1  2  3  4  5  6  7  8  9 10 11 |
---------------+----------------------------------+-----
Spellcasting   | 3 4 5 |  5.0
Long Blades    | 1 2 3 4 5 6 9 10 | 10.7
Conjurations   | 4 5 |  5.0
Dodging        | 3 4 5 |  5.3
Fighting       | 3 4 5 6 8 10 11 | 11.4
Invocations    | 2 3 5 |  5.4
Translocations | 2 4 |  4.0
Transmutations | 2 3 |  3.9
Armour         | 2 4 |  4.0
Ice Magic      | 2 3 |  3.5
Short Blades   | |  0.9
Maces & Flails | |  4.2

Action                     |  1- 3 |  4- 6 |  7- 9 | 10-12 || total
---------------------------+-------+-------+-------+-------++-------
  Melee: Mace              |    63 |       |       |     1 ||    64
         Long sword        |       |   132 |   183 |   264 ||   579
         Punch             |       |     2 |     8 |     4 ||    14
         Staff             |       |       |     5 |       ||     5
  Throw: Dart              |       |       |       |    53 ||    53
   Cast: Momentum Strike   |       |     1 |       |     3 ||     4
         Hailstorm         |       |       |     1 |    11 ||    12
         Blink             |       |       |       |     1 ||     1
 Invoke: Divine Shield     |       |       |     2 |     5 ||     7
  Evoke: Wand              |       |       |    20 |       ||    20
    Use: Scroll            |       |     2 |    14 |    10 ||    26
         Potion            |       |       |     3 |     9 ||    12
 Armour: Leather armour    |    29 |    57 |    71 |       ||   157
         Troll leather arm |       |       |    14 |   133 ||   147
         Skin              |       |       |       |     4 ||     4
  Dodge: Dodged            |    39 |    83 |   108 |   186 ||   416
  Block: Other             |       |       |     4 |    40 ||    44
